 Dungeon Crawl Stone Soup version bcrawl-1.28.1b (webtiles) character file.

Game seed: 906726364749922689

221729 Adamkad1 the Ruffian (level 7, -3/59 HPs)
             Began as a Grey Draconian Transmuter on Dec 12, 2020.
             Slain by a hippogriff (7 damage)
             ... on level 4 of the Dungeon.
             The game lasted 00:06:08 (3652 turns).

Adamkad1 the Ruffian (Grey Draconian Transmuter)    Turns: 3652, Time: 00:06:08

Health: -3/59      AC: 11    Str: 14    XL:     7   Next: 30%
Magic:  6/11       EV: 13    Int: 14    God:
Gold:   346        SH:  0    Dex: 11    Spells: 6/12 levels left

rFire    . . .     SeeInvis +     - Fists (9.1)
rCold    . . .     Gourm    .   (no shield)
rNeg     . . .     Faith    .   (armour unavailable)
rPois    .         Spirit   .   (helmet restricted)
rElec    .         Reflect  .   (no cloak)
rCorr    .         Harm     .   (no gloves)
MR       .....     Rnd*Rage +   (no boots) Stlth +.........Rnd*Tele +
                                (no amulet)
HPRegen  0.19/turn              (no ring)
MPRegen  0.12/turn              (no ring)

@: berserk cooldown, very slightly contaminated
A: walk through water, unfitting armour, see invisible, berserk 1, teleportitis
1, unbreathing, cold-blooded, AC +11
a: no special abilities


You were on level 4 of the Dungeon.
You were not hungry.

You visited 1 branch of the dungeon, and saw 4 of its levels.

You collected 346 gold pieces.

Inventory:

Missiles
 a - 723 arrows
Armour
 m - a +0 pair of boots
Jewellery
 k - an uncursed ring of stealth {unknown}
Scrolls
 b - 3 scrolls of enchant armour {unknown}
 d - a scroll of blinking {unknown}
 f - a scroll of remove curse {unknown}
 g - 4 scrolls of identify
 h - a scroll of magic mapping {unknown}
 n - a scroll of teleportation {unknown}
 q - 2 scrolls of fear {unknown}
Potions
 c - a potion of lignification
 i - 2 potions of curing {unknown}
 j - a potion of might
 l - a potion of cancellation {unknown}
 o - a potion of flight
 p - a potion of berserk rage {unknown}
 r - a potion of magic {unknown}
Comestibles
 e - 8 rations {!d}
 s - a chunk of flesh


   Skills:
 * Level 4.1 Fighting
 * Level 3.7 Dodging
 * Level 4.7 Unarmed Combat
 + Level 3.2 Spellcasting
 * Level 4.0 Transmutations


You had 6 spell levels left.
You knew the following spells:

 Your Spells              Type           Power        Failure   Level  Hunger
a - Beastly Appendage     Tmut           ##....       4%          1    None
b - Sticks to Snakes      Tmut           ##......     6%          2    #......
c - Spider Form           Tmut/Pois      #..          26%         3    ####...

Your spell library contained the following spells:

 Spells                   Type           Power        Failure   Level  Hunger
 Passwall                 Tmut/Erth      #.......     14%         2    #......
 Ice Form                 Ice/Tmut       #.......     65%         4    #####..
 Blade Hands              Tmut           ##........   73%         5    ######.


Dungeon Overview and Level Annotations

Branches:
Dungeon (4/12)
 Temple: D:4-7

Altars:
Gozag


Innate Abilities, Weirdness & Mutations

You can walk through water.
Your dull iron-grey scales are very hard. (AC +11)
You cannot fit into any form of body armour.
You can survive without breathing.
You are cold-blooded and may be slowed by cold attacks.
You have supernaturally acute eyesight. (SInv)
You tend to lose your temper in combat.
You are occasionally teleported next to monsters.


Message History

The hippogriff barely misses you. The hippogriff misses you.
The hippogriff claws you.
You barely miss the hippogriff.
The hippogriff is moderately wounded.
The hippogriff misses you. x3
You hit the hippogriff but do no damage.
The hippogriff looks more poisoned.
The hippogriff is moderately wounded.
The hippogriff misses you. The hippogriff pecks you! The hippogriff misses you.
You hit the hippogriff but do no damage.
The hippogriff is heavily wounded.
The hippogriff bites you!
* * * LOW HITPOINT WARNING * * *
The hippogriff barely misses you. The hippogriff claws you!
* * * LOW HITPOINT WARNING * * *
You bite the hippogriff!
The hippogriff is severely wounded.
Your transformation has ended.
The hippogriff closely misses you. The hippogriff pecks you!
You die...

#.? #.# #.# ####### ...
..(.... # #.# # .......
#.##.##.# .......
#.......#
.......#####'#####
..!...H@.........#
######...........#######
#..........รท'......
#...........#######
#...........#
#...........#
#...........#
#...........#
.........####


You could see a hippogriff.

Vanquished Creatures
  Sigmund (D:4)
  A sky beast (D:4)
  2 ogres (D:4)
  A crimson imp (D:3)
  An orc wizard (D:3)
  Terence (D:2)
  An iguana (D:4)
  A worker ant (D:4)
  An adder (D:4)
  A shadow imp (D:4)
  An ooze (D:1)
  2 worms (D:3)
  A dart slug (D:4)
  6 leopard geckos
  2 orcs
  6 bats
  5 giant cockroaches
  9 goblins
  5 hobgoblins
  3 jackals
  2 ball pythons (D:2)
  4 frilled lizards
  8 kobolds
  5 rats
70 creatures vanquished.

Vanquished Creatures (collateral kills)
  An adder (D:2)
1 creature vanquished.

Grand Total: 71 creatures vanquished

Notes
Turn   | Place    | Note
-------+----------+-------------------------------------------
     0 | D:1      | Adamkad1 the Draconian Transmuter began the quest for the
                  | Orb.
     0 | D:1      | Reached XP level 1. HP: 16/16 MP: 3/3
   170 | D:1      | Reached XP level 2. HP: 22/23 MP: 3/5
   892 | D:2      | Learned a level 2 spell: Sticks to Snakes
   895 | D:2      | Reached XP level 3. HP: 23/29 MP: 4/6
  1365 | D:2      | Noticed Terence
  1403 | D:1      | Learned a level 3 spell: Spider Form
  1414 | D:2      | Killed Terence
  1415 | D:2      | Reached XP level 4. HP: 12/36 MP: 4/7
  2242 | D:3      | Reached XP level 5. HP: 16/42 MP: 4/8
  2681 | D:4      | Noticed an ogre
  2690 | D:4      | Killed an ogre
  2887 | D:4      | Reached XP level 6. HP: 26/51 MP: 3/10
  3060 | D:4      | Found an opulent altar of Gozag.
  3060 | D:4      | Noticed a sky beast
  3073 | D:4      | Gained mutation: You have a pair of small antennae on your
                  | head. [potion of mutation]
  3073 | D:4      | Gained mutation: Your spells are a little harder to cast,
                  | but a little more powerful. [potion of mutation]
  3073 | D:4      | Gained mutation: You are frail. (-10% HP) [potion of
                  | mutation]
  3073 | D:4      | Gained mutation: You can translocate small distances at
                  | will. [potion of mutation]
  3073 | D:4      | Killed a sky beast
  3163 | D:4      | Lost mutation: Your spells are a little harder to cast, but
                  | a little more powerful. [potion of mutation]
  3163 | D:4      | Lost mutation: You can translocate small distances at will.
                  | [potion of mutation]
  3163 | D:4      | Lost mutation: You have a pair of small antennae on your
                  | head. [potion of mutation]
  3163 | D:4      | Lost mutation: You are frail. (-10% HP) [potion of
                  | mutation]
  3163 | D:4      | Gained mutation: You are occasionally teleported next to
                  | monsters. [potion of mutation]
  3163 | D:4      | Gained mutation: You tend to lose your temper in combat.
                  | [potion of mutation]
  3163 | D:4      | Gained mutation: You have supernaturally acute eyesight.
                  | (SInv) [potion of mutation]
  3210 | D:4      | Noticed Sigmund
  3219 | D:4      | Killed Sigmund
  3220 | D:4      | Your scales start taking on a dull iron-grey colour.
  3220 | D:4      | Reached XP level 7. HP: 46/59 MP: 8/11
  3220 | D:4      | Gained mutation: You can survive without breathing. [Grey
                  | Draconian growth]
  3641 | D:4      | Noticed a hippogriff
  3652 | D:4      | Slain by a hippogriff

Skill      XL: |  1  2  3  4  5  6 |
---------------+-------------------+-----
Dodging        | 2 3 |  3.7
Fighting       | 2 3 4 |  4.1
Transmutations | 3 4 |  4.0
Unarmed Combat | 4 |  4.7
Spellcasting   | 3 |  3.2

Action                   |  1- 3 |  4- 6 |  7- 9 || total
-------------------------+-------+-------+-------++-------
Melee: Unarmed           |   112 |   138 |    14 ||   264
       Tailslap          |     8 |     6 |     1 ||    15
       Headbutt          |     5 |     6 |       ||    11
       Kick              |     5 |    10 |       ||    15
       Punch             |     1 |       |       ||     1
 Cast: Beastly Appendage |    20 |    21 |       ||    41
       Spider Form       |     1 |     6 |     2 ||     9
       Sticks to Snakes  |       |     2 |       ||     2
  Use: Potion            |       |     3 |     1 ||     4
  Eat: Chunk             |     4 |    12 |     3 ||    19
Armor: Skin              |    24 |    33 |     3 ||    60
Dodge: Dodged            |    68 |    66 |    21 ||   155
